AoeStats
← andres simijaca

Arabia

509786770Analyzed
1v1 RM · 3d ago on Sep 28, 2026· 52m 29s· 2 players
Game mode
Random Map
Map size
Tiny (2 player)
Population
200
Speed
Normal
Resources
Standard
Victory
Conquest
Starting age
Dark Age
Ending age
Imperial Age
RankedLock teamsTeams togetherTeam positionsShared explorationLock speedFull tech treeHidden civsTurbo modeCheats
Victory
Defeat
🇨🇦 Tupi · Canada
782
+17
🇨🇴 Magyars · Colombia
801
-17
Blongman
8:52 Loom
11:51 Feudal Age
19:05 Castle Age
19:07 Fletching
19:18 Padded Archer Armor
20:17 Double-Bit Axe
21:56 Leather Archer Armor
29:24 Bodkin Arrow
30:42 Ballistics
31:17 Pikeman
35:18 Sanctity
38:22 Imperial Age
40:01 Bracer
40:32 Ring Archer Armor
45:59 Elite Blackwood Archer
49:30 Redemption
51:43 Squires
andres simijaca
8:39 Loom
11:58 Feudal Age
12:40 Double-Bit Axe
12:39 Horse Collar
16:02 Man-at-Arms
17:55 Scale Mail Armor
21:52 Padded Archer Armor
22:40 Wheelbarrow
22:06 Gold Mining
26:09 Castle Age
25:09 Stone Mining
29:06 Gold Shaft Mining
29:45 Husbandry
30:06 Bow Saw
30:21 Bloodlines
35:28 Heavy Plow
34:54 Long Swordsman
36:00 Murder Holes
36:02 Fletching
36:34 Scale Barding Armor
38:45 Corvinian Army
46:11 Elite Skirmisher
47:04 Long Swordsman
Connection lost

Rejoining the realm…

Still unreachable

The connection could not be restored.

Session expired

The server has moved on; the page needs a fresh start.